 Dungeon Crawl Stone Soup version 0.27.1-4-g1640c2035a (webtiles) character file.

Game seed: 8864031849132137370

584 ABBCCCDDDD the Chopper (level 7, -10/62 HPs)
             Began as a Hill Orc Delver on Nov 1, 2021.
             Was a Follower of Zin.
             Mangled by a gnoll (11 damage)
             ... on level 4 of the Dungeon.
             The game lasted 00:08:13 (7285 turns).

ABBCCCDDDD the Chopper (Hill Orc Delver)            Turns: 7285, Time: 00:08:13

Health: -10/62     AC: 10    Str: 17    XL:     7   Next: 37%
Magic:  7/7        EV:  7    Int: 10    God:    Zin [*.....]
Gold:   176        SH:  0    Dex: 12    Spells: 6/6 levels left

rFire    . . .     SeeInvis .   a - +0 hand axe
rCold    . . .     Faith    .   (no shield)
rNeg     . . .     Spirit   .   v - +0 chain mail
rPois    .         Reflect  .   s - +0 helmet
rElec    .         Harm     .   (no cloak)
rCorr    .         Rampage  .   (no gloves)
Will     +....                  (no boots)
Stlth    ..........             (no amulet)
HPRegen  0.20/turn              m - ring of willpower
MPRegen  0.10/turn              (no ring)

@: no status effects
A: no striking features
a: Renounce Religion, Recite, Donate Gold


You were on level 4 of the Dungeon.
You worshipped Zin.
Zin was aware of your devotion.
You visited 2 branches of the dungeon, and saw 6 of its levels.

You collected 195 gold pieces.
You donated 19 gold pieces to Zin.

Inventory:

Hand Weapons
 a - a +0 hand axe (weapon)
Armour
 b - a +0 leather armour
 i - a +0 plate armour
 s - a +0 helmet (worn)
 u - a +0 scale mail
 v - a +0 chain mail (worn)
Jewellery
 m - a ring of willpower (left hand)
Wands
 g - a wand of digging (3)
 r - a wand of polymorph (12)
Scrolls
 c - a scroll of fog
 d - a scroll of magic mapping
 e - 3 scrolls of identify {unknown}
 h - 2 scrolls of immolation {unknown}
 j - 3 scrolls of teleportation {unknown}
 l - a scroll of noise {unknown}
 o - a scroll of torment {unknown}
 p - a scroll of acquirement {unknown}
 t - a scroll of enchant armour {unknown}
Potions
 f - a potion of haste
 k - a potion of heal wounds
 n - a potion of cancellation {unknown}
 q - a potion of attraction {unknown}


   Skills:
 + Level 5.8 Fighting
 * Level 7.6 Axes
 + Level 3.9 Armour
 - Level 1.5 Dodging
 - Level 4.1 Stealth


You had 6 spell levels left.
You didn't know any spells.
Your spell library contained the following spells:

 Spells                   Type           Power      Damage    Failure   Level
 Stone Arrow              Conj/Erth      0%         3d7       100%        3
 Bolt of Magma            Conj/Fire/Erth 0%         4d4       100%        5
 Shatter                  Erth           0%         3d5*      100%        9


Dungeon Overview and Level Annotations

Branches:
Dungeon (5/15)             Temple (1/1) D:4

Altars:
Fedhas
Hepliaklqana
Makhleb
Okawaru
Qazlal
Ru
Uskayaw
Vehumet
Wu Jian
Xom
Yredelemnul
Zin

Annotations:
D:3 Ijyb, Sigmund


Message History

The gnoll hits you but does no damage.
The gnoll hits you from afar with a +0 halberd.
You hit the gnoll but do no damage.
The gnoll is lightly wounded.
The gnoll barely misses you.
You slash the gnoll!
The gnoll is almost dead.
The gnoll hits you but does no damage. The gnoll barely misses you.
The gnoll hits you but does no damage.
The gnoll throws a throwing net.
The throwing net hits you.
You become entangled in the net!
There is a stone staircase leading up here.
You see here a throwing net.
You struggle against the net.
The gnoll hits you but does no damage.
You struggle against the net.
The gnoll hits you but does no damage. The gnoll hits you with a +0 flail.
You rip the net and break free!
The gnoll hits you from afar with a +0 spear.
The gnoll hits you from afar with a +0 halberd!
The gnoll hits you but does no damage.
The gnoll hits you from afar with a +0 spear.
* * * LOW HITPOINT WARNING * * *
The gnoll hits you with a +0 flail.
* * * LOW HITPOINT WARNING * * *
The gnoll hits you from afar with a +0 halberd.
* * * LOW HITPOINT WARNING * * *
You climb upwards.
There is a stone staircase leading down, spattered with blood here.
You closely miss the gnoll.
The gnoll is almost dead.
The gnoll hits you with a +0 flail!
* * * LOW HITPOINT WARNING * * *
You hit the gnoll but do no damage.
The gnoll is almost dead.
The gnoll hits you with a +0 flail.
* * * LOW HITPOINT WARNING * * *
You closely miss the gnoll.
The gnoll is almost dead.
The gnoll hits you with a +0 flail!
You die...

#..## ##..##
#...## ##..##
####### #...#
##.....### ##..#
#........## #...
#.........# ##..
#@g.......# #..
#.........# ##..
#.........#####...
##.......##.....##
#..........#####
##......####
#####..# ## #..##
#. ##.## #.


You could see a gnoll.

Levels and vault maps discovered:
D:1:      onia_arrival_zoo_common, layout_basic,
          hellmonk_ecumenical_altar_lost_god, minmay_distorted
D:2:      layout_loops_cross, uniq_robin, uniq_jessica
D:3:      layout_loops_corners, uniq_ijyb, uniq_sigmund
D:4:      layout_cave_pods, xom_teletrap_fun, temple_statues
D:5:      layout_basic, amcnicky_altar_gilded, serial_shops,
          nicolae_diamond_shop
Temple:   bh_familiar_temple

Notes
Turn   | Place    | Note
-------+----------+-------------------------------------------
     0 | D:5      | ABBCCCDDDD the Hill Orc Delver began the quest for the Orb.
     0 | D:5      | Reached XP level 1. HP: 19/19 MP: 1/1
    15 | D:5      | Reached skill level 3 in Axes
    15 | D:5      | Reached XP level 2. HP: 25/27 MP: 2/2
    42 | D:5      | Noticed a scorpion
    62 | D:5      | Noticed a black bear
   457 | D:4      | Reached skill level 1 in Armour
   462 | D:4      | Reached XP level 3. HP: 24/33 MP: 3/3
   600 | D:4      | Reached skill level 4 in Axes
   728 | D:4      | Noticed a scorpion
   749 | D:4      | Reached XP level 4. HP: 13/41 MP: 4/4
   974 | D:3      | Noticed Ijyb
   982 | D:4      | Noticed a yak
   982 | D:4      | Noticed a yak
   982 | D:4      | Noticed a yak
   982 | D:4      | Noticed a yak
  1607 | D:1      | Found a faded altar of an unknown god.
  1631 | D:1      | Reached skill level 5 in Axes
  1891 | D:1      | Reached XP level 5. HP: 46/47 MP: 5/5
  2257 | D:1      | Noticed a swamp worm
  2257 | D:1      | Noticed a polar bear
  2257 | D:1      | Noticed a wyvern
  3073 | D:2      | Noticed Jessica
  3077 | D:2      | Killed Jessica
  3116 | D:2      | Noticed Robin
  3132 | D:2      | Killed Robin
  3768 | D:2      | Reached skill level 5 in Fighting
  3768 | D:2      | Reached skill level 6 in Axes
  3768 | D:2      | Reached XP level 6. HP: 31/54 MP: 6/6
  4065 | D:3      | Noticed Sigmund
  5635 | D:4      | Found a staircase to the Ecumenical Temple.
  5651 | Temple   | Entered the Ecumenical Temple
  5835 | Temple   | Became a worshipper of Zin the Law-Giver
  5835 | Temple   | Reached * piety under Zin
  6049 | D:4      | Reached skill level 7 in Axes
  6301 | D:4      | Found a shimmering altar of Xom.
  6320 | D:4      | Reached XP level 7. HP: 61/61 MP: 7/7
  7284 | D:4      | HP: 1/62 [gnoll (4)]
  7285 | D:4      | Mangled by a gnoll

Table legend: (Time is in decaauts)
 A = Elapsed time spent in this place.
 B = Non-inter-level travel time spent in this place.
 C = Inter-level travel time spent in this place.
 D = Time resting spent in this place.
 E = Time spent auto-exploring this place.
 F = Levels seen in this place.
 G = Mean time per level.
                   A        B        C        D        E       F      G
               +--------+--------+--------+--------+--------+-----+--------+
         Total |   7296 |   7073 |    223 |   2514 |   3158 |   6 | 1216.0 |
       Dungeon |   7082 |   6912 |    170 |   2514 |   3000 |   5 | 1416.4 |
        Temple |    213 |    160 |     53 |      0 |    158 |   1 |  213.0 |
               +--------+--------+--------+--------+--------+-----+--------+

Top non-repeatable levels by time:
     D:4: 2380 daAuts
     D:2: 1953 daAuts
     D:3: 1082 daAuts
     D:1: 949 daAuts
     D:5: 717 daAuts
  Temple: 213 daAuts

Table legend:
 A = Kills in this place as a percentage of kills in entire the game.
 B = Kills by you in this place as a percentage of kills by you in the entire game.
 C = Kills by friends in this place as a percentage of kills by friends in the entire game.
 D = Other kills in this place as a percentage of other kills in the entire game.
 E = Experience gained in this place as a percentage of experience gained in the entire game.
 F = Experience gained in this place divided by the number of levels of this place that you have seen.
                   A       B       C       D       E      F
               +-------+-------+-------+-------+-------+----------------------
         Total | 100.0 | 100.0 |   N/A |   N/A | 100.0 | 139.2
       Dungeon | 100.0 | 100.0 |   N/A |   N/A | 100.0 | 167.0
               +-------+-------+-------+-------+-------+----------------------

Action                   |  1- 3 |  4- 6 |  7- 9 || total
-------------------------+-------+-------+-------++-------
Melee: Hand axe          |    39 |   325 |    54 ||   418
  Use: Scroll            |     1 |       |       ||     1
       Potion            |       |     6 |       ||     6
 Stab: Sleeping          |       |    18 |     1 ||    19
Armor: Leather armour    |    14 |    53 |       ||    67
       Scale mail        |       |    46 |    25 ||    71
       Chain mail        |       |       |     7 ||     7
Dodge: Dodged            |    21 |   181 |    32 ||   234

Vanquished Creatures
  A black bear (D:5)
  2 scorpions (D:4)
  A water moccasin skeleton (D:4)
  A howler monkey (D:4)
  Jessica (D:2)
  An iguana (D:4)
  2 hound skeletons
  Robin (D:2)
  A howler monkey skeleton (D:4)
  9 adders
  An ufetubus (D:4)
  An adder skeleton (D:4)
  2 worms (D:2)
  A dart slug (D:4)
  6 orcs
  6 endoplasms
  2 giant cockroaches
  9 goblins
  10 hobgoblins
  7 jackals
  3 quokkas
  13 ball pythons
  7 bats
  4 frilled lizards
  9 kobolds
  5 rats
106 creatures vanquished.
